General information
			
			
        
        - name: BNet
 
        - type: Ladder team game (AT/RT)
 
        - host: Battle.net
 
        - saver: w00tah.com
 
        
map: Monsoon 
        - players: 6
 
        - length: 89:40
 
        - speed: Fast
 - version: 1.21 W3XP
 - replay type:  Public
 
» download(505 KB)
Players
        team 1 (winner) 
              
              
» 
DirtMcGirt (
pink | 74 APM | 5832 actions | 79:07)
              
 8 Mountain King 
 3 Storm Bolt
 3 Bash
 1 Avatar
 1 Thunder Clap
 7 Blood Mage 
 3 Flame Strike
 3 Siphon Mana
 1 Summon Phoenix
 1 Paladin 
 1 Holy Light
 
                » actions 
                
                | Assign group hotkey | 8 |  | 
| Basic commands | 2 |  | 
| Build / train | 127 |  | 
| Enter build submenu | 38 |  | 
| Enter hero's abilities submenu | 16 |  | 
| Give item / drop item | 6 |  | 
| Remove unit from queue | 1 |  | 
| Right click | 2970 |  | 
| Select / deselect | 2013 |  | 
| Select group hotkey | 331 |  | 
| Use ability | 320 |  | 
                5832 total
 » units 
                
                | Peasant | 24 |  | 
| Dragonhawk Rider | 13 |  | 
| Gryphon Rider | 2 |  | 
                39 total
 » upgrades
                
                | Lumber Harvesting | 2 |  | 
| Masonry | 2 |  | 
| Animal War Training | 1 |  | 
| Armor | 2 |  | 
| Swords | 2 |  | 
| Storm Hammers | 0 |  | 
| Cloud | 1 |  | 
| Magic Sentry | 1 |  | 
                11 total
 » buildings
                
                | Altar of Kings | 3 |  | 
| Farm | 8 |  | 
| Lumber Mill | 3 |  | 
| Scout Tower | 38 |  | 
| Guard Tower | 27 |  | 
| Arcane Vault | 2 |  | 
| Keep | 6 |  | 
| Town Hall | 5 |  | 
| Gryphon Aviary | 3 |  | 
| Castle | 2 |  | 
| Barracks | 1 |  | 
| Blacksmith | 1 |  | 
| Arcane Sanctum | 1 |  | 
                100 total
 » build order
                00:08 Altar of Kings
00:12 Farm
00:16 Lumber Mill
00:49 Scout Tower
00:57 Farm
01:37 Guard Tower
01:51 Scout Tower
02:21 Guard Tower
02:23 Scout Tower
02:47 Arcane Vault
02:55 Guard Tower
02:57 Scout Tower
02:59 Scout Tower
03:24 Guard Tower
03:24 Guard Tower
03:49 Scout Tower
03:51 Scout Tower
03:53 Scout Tower
03:55 Guard Tower
05:33 Keep
05:34 Keep
06:23 Scout Tower
06:23 Scout Tower
06:24 Scout Tower
06:47 Town Hall
07:37 Guard Tower
07:37 Guard Tower
07:41 Scout Tower
07:44 Scout Tower
07:45 Scout Tower
07:47 Scout Tower
08:14 Gryphon Aviary
08:15 Gryphon Aviary
08:41 Guard Tower
08:41 Guard Tower
08:54 Guard Tower
09:43 Guard Tower
09:44 Guard Tower
09:54 Farm
10:36 Farm
12:08 Castle
12:15 Barracks
14:03 Blacksmith
17:22 Arcane Sanctum
21:45 Scout Tower
21:46 Scout Tower
21:47 Scout Tower
21:49 Scout Tower
21:50 Scout Tower
21:51 Scout Tower
22:20 Guard Tower
22:49 Guard Tower
22:49 Guard Tower
22:53 Scout Tower
22:54 Scout Tower
22:56 Scout Tower
22:57 Scout Tower
22:58 Scout Tower
23:01 Scout Tower
23:02 Scout Tower
25:57 Altar of Kings
26:50 Farm
26:51 Farm
26:52 Farm
26:52 Farm
28:04 Town Hall
32:02 Lumber Mill
33:26 Scout Tower
33:27 Scout Tower
33:27 Scout Tower
33:28 Scout Tower
33:30 Scout Tower
33:30 Scout Tower
33:32 Keep
33:58 Guard Tower
33:58 Guard Tower
34:29 Guard Tower
35:46 Scout Tower
35:49 Guard Tower
35:49 Guard Tower
35:54 Scout Tower
35:55 Scout Tower
35:56 Scout Tower
36:38 Guard Tower
36:39 Guard Tower
37:16 Guard Tower
40:38 Town Hall
44:50 Town Hall
48:41 Lumber Mill
50:03 Altar of Kings
50:19 Keep
50:19 Keep
53:50 Gryphon Aviary
56:24 Arcane Vault
61:45 Castle
72:14 Town Hall
» items
                
                | Scroll of Regeneration | 3 |  | 
| Potion of Healing | 2 |  | 
| Staff of Teleportation | 2 |  | 
| Scroll of Town Portal | 7 |  | 
| Staff of Sanctuary | 2 |  | 
| Orb of Lightning | 2 |  | 
| Potion of Mana | 3 |  | 
| Tiny Great Hall | 1 |  | 
                22 total
  
               
              
              
GOKUMaN69 (
blue | 63 APM | 5625 actions | 89:35)
              
 10 Blademaster 
 3 Wind Walk
 3 Critical Strike
 1 Bladestorm
 3 Mirror Image
 1 Mountain King 
 1 Thunder Clap
 
                » actions 
                
                | Assign group hotkey | 5 |  | 
| Basic commands | 1 |  | 
| Build / train | 152 |  | 
| Enter build submenu | 82 |  | 
| Enter hero's abilities submenu | 13 |  | 
| Give item / drop item | 3 |  | 
| Right click | 3841 |  | 
| Select / deselect | 995 |  | 
| Select group hotkey | 48 |  | 
| Use ability | 485 |  | 
                5625 total
 » units 
                
                | Peon | 12 |  | 
| Troll Batrider | 15 |  | 
| Wind Rider | 11 |  | 
| Gryphon Rider | 6 |  | 
                44 total
 » upgrades
                
                | Liquid Fire | 1 |  | 
| Ranged Weapons | 1 |  | 
| Envenomed Spears | 1 |  | 
| Storm Hammers | 1 |  | 
                4 total
 » buildings
                
                | Altar of Storms | 1 |  | 
| Orc Burrow | 4 |  | 
| War Mill | 1 |  | 
| Watch Tower | 57 |  | 
| Voodoo Lounge | 1 |  | 
| Stronghold | 1 |  | 
| Beastiary | 2 |  | 
| Fortress | 3 |  | 
| Great Hall | 4 |  | 
| Farm | 2 |  | 
                76 total
 » build order
                00:07 Altar of Storms
00:25 Orc Burrow
00:43 War Mill
01:55 Watch Tower
02:10 Orc Burrow
02:30 Voodoo Lounge
02:41 Watch Tower
03:23 Watch Tower
03:55 Watch Tower
05:00 Watch Tower
05:02 Watch Tower
05:48 Stronghold
05:50 Orc Burrow
06:37 Watch Tower
06:39 Watch Tower
06:47 Orc Burrow
07:41 Watch Tower
07:43 Watch Tower
08:25 Beastiary
08:28 Beastiary
08:51 Watch Tower
08:53 Watch Tower
10:00 Watch Tower
10:01 Watch Tower
10:02 Watch Tower
10:03 Watch Tower
10:47 Fortress
10:48 Fortress
10:48 Fortress
12:10 Watch Tower
12:12 Watch Tower
14:11 Great Hall
14:36 Watch Tower
14:38 Watch Tower
16:42 Watch Tower
16:45 Watch Tower
18:38 Watch Tower
18:42 Watch Tower
21:10 Watch Tower
21:11 Watch Tower
22:17 Watch Tower
23:49 Watch Tower
23:52 Watch Tower
24:16 Watch Tower
26:33 Watch Tower
26:35 Watch Tower
30:22 Watch Tower
30:23 Watch Tower
30:26 Watch Tower
30:27 Watch Tower
30:28 Watch Tower
30:30 Watch Tower
30:53 Watch Tower
31:07 Watch Tower
32:45 Watch Tower
32:50 Watch Tower
33:48 Watch Tower
34:25 Watch Tower
34:29 Watch Tower
34:31 Watch Tower
35:57 Watch Tower
36:08 Watch Tower
36:09 Watch Tower
37:46 Watch Tower
37:47 Watch Tower
37:50 Watch Tower
39:20 Watch Tower
41:23 Watch Tower
41:25 Watch Tower
43:37 Watch Tower
45:40 Watch Tower
55:13 Great Hall
58:04 Great Hall
73:01 Great Hall
80:40 Farm
80:43 Farm
» items
                
                | Boots of Speed | 3 |  | 
| Staff of Teleportation | 1 |  | 
| Healing Salve | 13 |  | 
| Lesser Clarity Potion | 21 |  | 
| Scroll of Town Portal | 9 |  | 
| Orb of Lightning | 1 |  | 
| Potion of Healing | 9 |  | 
| Scroll of Speed | 1 |  | 
| Potion of Mana | 20 |  | 
| Potion of Lesser Invulnerability | 8 |  | 
                86 total
  
               
              
              
w00tah.com (
green | 27 APM | 2398 actions | 89:40)
              
 8 Archmage 
 3 Blizzard
 3 Brilliance Aura
 1 Mass Teleport
 1 Summon Water Elemental
 3 Paladin 
 1 Holy Light
 2 Divine Shield
 
                » actions 
                
                | Assign group hotkey | 21 |  | 
| Basic commands | 26 |  | 
| Build / train | 139 |  | 
| Enter build submenu | 35 |  | 
| Enter hero's abilities submenu | 10 |  | 
| Give item / drop item | 1 |  | 
| Remove unit from queue | 3 |  | 
| Right click | 1040 |  | 
| Select / deselect | 795 |  | 
| Select group hotkey | 49 |  | 
| Use ability | 279 |  | 
                2398 total
 » units 
                
                | Peasant | 20 |  | 
| Mortar Team | 27 |  | 
| Sorceress | 5 |  | 
| Flying Machine | 10 |  | 
| Priest | 2 |  | 
                64 total
 » upgrades
                
                | Masonry | 3 |  | 
| Lumber Harvesting | 2 |  | 
| Gunpowder | 3 |  | 
| Armor | 3 |  | 
| Sorceress Training | 1 |  | 
| Magic Sentry | 1 |  | 
| Fragmentation Shards | 1 |  | 
| Flare | 1 |  | 
| Plating | 3 |  | 
| Flak Cannons | 1 |  | 
| Flying Machine Bombs | 1 |  | 
                20 total
 » buildings
                
                | Altar of Kings | 1 |  | 
| Farm | 14 |  | 
| Lumber Mill | 4 |  | 
| Scout Tower | 54 |  | 
| Guard Tower | 19 |  | 
| Arcane Vault | 1 |  | 
| Keep | 1 |  | 
| Blacksmith | 1 |  | 
| Workshop | 2 |  | 
| Town Hall | 1 |  | 
| Arcane Sanctum | 1 |  | 
| Castle | 1 |  | 
| Cannon Tower | 2 |  | 
                102 total
 » build order
                00:08 Altar of Kings
00:20 Farm
00:35 Farm
00:52 Lumber Mill
01:38 Scout Tower
01:55 Scout Tower
02:05 Guard Tower
02:08 Scout Tower
02:25 Guard Tower
02:28 Scout Tower
02:31 Scout Tower
02:43 Scout Tower
03:30 Guard Tower
03:34 Scout Tower
03:35 Scout Tower
03:36 Scout Tower
03:37 Scout Tower
03:38 Scout Tower
03:39 Scout Tower
03:57 Arcane Vault
04:47 Guard Tower
04:57 Scout Tower
04:58 Scout Tower
04:59 Scout Tower
05:01 Scout Tower
05:03 Keep
05:14 Guard Tower
06:16 Guard Tower
06:26 Guard Tower
06:30 Scout Tower
06:32 Scout Tower
06:33 Scout Tower
06:36 Scout Tower
06:37 Scout Tower
06:38 Scout Tower
06:39 Scout Tower
06:41 Scout Tower
07:09 Blacksmith
07:47 Guard Tower
08:42 Workshop
08:51 Workshop
09:51 Farm
09:52 Farm
09:53 Farm
09:54 Farm
09:55 Farm
09:56 Farm
10:29 Town Hall
12:08 Guard Tower
12:34 Arcane Sanctum
12:49 Scout Tower
12:50 Scout Tower
13:24 Castle
14:53 Scout Tower
14:54 Scout Tower
14:55 Scout Tower
14:56 Scout Tower
14:57 Scout Tower
14:59 Scout Tower
15:00 Scout Tower
15:31 Guard Tower
15:54 Guard Tower
15:57 Scout Tower
15:58 Scout Tower
15:59 Scout Tower
16:01 Guard Tower
16:23 Guard Tower
16:24 Guard Tower
16:37 Scout Tower
16:38 Scout Tower
16:39 Scout Tower
16:40 Scout Tower
16:40 Scout Tower
16:41 Scout Tower
16:50 Scout Tower
16:51 Scout Tower
16:52 Scout Tower
16:54 Scout Tower
16:55 Scout Tower
16:56 Scout Tower
17:18 Guard Tower
18:53 Guard Tower
19:07 Guard Tower
19:24 Guard Tower
24:20 Cannon Tower
24:22 Cannon Tower
27:12 Scout Tower
27:13 Scout Tower
27:14 Scout Tower
27:15 Scout Tower
27:18 Scout Tower
27:19 Scout Tower
30:51 Guard Tower
36:54 Lumber Mill
40:01 Lumber Mill
40:07 Farm
42:45 Farm
42:45 Farm
42:46 Farm
42:47 Farm
42:48 Farm
72:21 Lumber Mill
» items
                
                | Boots of Speed | 1 |  | 
| Potion of Healing | 2 |  | 
| Scroll of Speed | 1 |  | 
| Orb of Lightning | 1 |  | 
| Staff of Teleportation | 1 |  | 
| Scroll of Town Portal | 8 |  | 
| Staff of Sanctuary | 1 |  | 
| Mechanical Critter | 1 |  | 
                16 total
  
               team 2 (loser) 
              
              
Bletharmus (
yellow | 82 APM | 7361 actions | 89:27)
              
 9 Archmage 
 3 Blizzard
 3 Brilliance Aura
 1 Mass Teleport
 2 Summon Water Elemental
 9 Mountain King 
 3 Storm Bolt
 3 Bash
 1 Avatar
 2 Thunder Clap
 5 Paladin 
 3 Holy Light
 2 Divine Shield
 
                » actions 
                
                | Assign group hotkey | 259 |  | 
| Basic commands | 99 |  | 
| Build / train | 153 |  | 
| ESC pressed | 1 |  | 
| Enter build submenu | 31 |  | 
| Enter hero's abilities submenu | 23 |  | 
| Give item / drop item | 17 |  | 
| Right click | 2890 |  | 
| Select / deselect | 1572 |  | 
| Select group hotkey | 1979 |  | 
| Use ability | 337 |  | 
                7361 total
 » units 
                
                | Peasant | 23 |  | 
| Footman | 3 |  | 
| Rifleman | 20 |  | 
| Spell Breaker | 2 |  | 
| Mortar Team | 13 |  | 
| Siege Engine | 15 |  | 
| Flying Machine | 7 |  | 
| Knight | 7 |  | 
                90 total
 » upgrades
                
                | Long Rifles | 1 |  | 
| Gunpowder | 3 |  | 
| Armor | 1 |  | 
| Barrage | 1 |  | 
| Masonry | 2 |  | 
| Backpack | 1 |  | 
| Plating | 2 |  | 
| Animal War Training | 1 |  | 
| Swords | 1 |  | 
| Flare | 1 |  | 
                14 total
 » buildings
                
                | Barracks | 1 |  | 
| Altar of Kings | 1 |  | 
| Farm | 11 |  | 
| Scout Tower | 7 |  | 
| Blacksmith | 1 |  | 
| Arcane Tower | 1 |  | 
| Arcane Vault | 1 |  | 
| Keep | 1 |  | 
| Arcane Sanctum | 1 |  | 
| Workshop | 2 |  | 
| Lumber Mill | 1 |  | 
| Guard Tower | 4 |  | 
| Castle | 1 |  | 
| Town Hall | 3 |  | 
                36 total
 » build order
                00:10 Barracks
00:19 Altar of Kings
00:26 Farm
01:00 Farm
01:29 Scout Tower
01:55 Blacksmith
02:10 Arcane Tower
02:28 Farm
02:37 Arcane Vault
03:42 Farm
04:00 Keep
05:05 Farm
07:27 Farm
07:40 Arcane Sanctum
08:30 Workshop
09:05 Farm
09:10 Lumber Mill
09:52 Scout Tower
10:06 Farm
10:13 Scout Tower
10:14 Scout Tower
11:01 Guard Tower
11:55 Guard Tower
12:35 Castle
13:01 Scout Tower
13:02 Scout Tower
14:51 Guard Tower
14:55 Farm
14:56 Farm
19:07 Scout Tower
19:51 Guard Tower
24:54 Farm
31:37 Town Hall
36:02 Workshop
68:21 Town Hall
85:11 Town Hall
» items
                
                | Scroll of Regeneration | 7 |  | 
| Scroll of Town Portal | 4 |  | 
| Staff of Sanctuary | 1 |  | 
| Orb of Fire | 1 |  | 
| Lesser Clarity Potion | 1 |  | 
| Scroll of Healing | 2 |  | 
                16 total
  
               
              
              
GrimReaperDarro (
orange | 26 APM | 2297 actions | 89:34)
              
 8 Blood Mage 
 3 Flame Strike
 3 Siphon Mana
 1 Summon Phoenix
 1 Banish
 1 Paladin 
 1 Holy Light
 1 Mountain King 
 1 Storm Bolt
 
                » actions 
                
                | Assign group hotkey | 115 |  | 
| Basic commands | 311 |  | 
| Build / train | 139 |  | 
| Enter build submenu | 18 |  | 
| Enter hero's abilities submenu | 10 |  | 
| Right click | 680 |  | 
| Select / deselect | 309 |  | 
| Select group hotkey | 559 |  | 
| Use ability | 156 |  | 
                2297 total
 » units 
                
                | Peasant | 14 |  | 
| Footman | 10 |  | 
| Gryphon Rider | 29 |  | 
| Ogre Magi | 1 |  | 
| Dragonhawk Rider | 15 |  | 
| Rifleman | 6 |  | 
| Mortar Team | 15 |  | 
                90 total
 » upgrades
                
                | Swords | 2 |  | 
| Lumber Harvesting | 2 |  | 
| Animal War Training | 1 |  | 
| Storm Hammers | 1 |  | 
| Cloud | 1 |  | 
| Flare | 1 |  | 
| Long Rifles | 1 |  | 
                9 total
 » buildings
                
                | Altar of Kings | 1 |  | 
| Farm | 9 |  | 
| Barracks | 1 |  | 
| Lumber Mill | 1 |  | 
| Arcane Vault | 1 |  | 
| Scout Tower | 8 |  | 
| Guard Tower | 4 |  | 
| Arcane Tower | 4 |  | 
| Blacksmith | 1 |  | 
| Keep | 2 |  | 
| Castle | 2 |  | 
| Gryphon Aviary | 2 |  | 
| Town Hall | 2 |  | 
| Workshop | 1 |  | 
                39 total
 » build order
                00:13 Altar of Kings
00:28 Farm
00:31 Barracks
01:12 Farm
01:13 Farm
01:15 Farm
02:14 Lumber Mill
02:40 Arcane Vault
03:06 Scout Tower
03:07 Scout Tower
03:09 Scout Tower
03:10 Scout Tower
03:54 Guard Tower
03:55 Arcane Tower
03:58 Guard Tower
04:00 Arcane Tower
04:57 Blacksmith
05:05 Keep
06:38 Farm
07:32 Castle
07:46 Gryphon Aviary
07:50 Gryphon Aviary
09:40 Town Hall
10:01 Scout Tower
17:06 Scout Tower
17:08 Scout Tower
17:08 Scout Tower
18:54 Workshop
18:56 Guard Tower
18:58 Guard Tower
19:01 Arcane Tower
22:31 Farm
22:32 Farm
22:33 Farm
22:34 Farm
26:55 Town Hall
28:38 Keep
29:38 Arcane Tower
30:59 Castle
» items
                
                | Scroll of Regeneration | 4 |  | 
| Lesser Clarity Potion | 5 |  | 
| Scroll of Town Portal | 5 |  | 
| Orb of Fire | 1 |  | 
                15 total
  
               
              
              
» 
yo_its_drew (
purple | 83 APM | 7458 actions | 89:24)
              
 9 Mountain King 
 3 Storm Bolt
 3 Bash
 1 Avatar
 2 Thunder Clap
 4 Paladin 
 2 Holy Light
 2 Divine Shield
 
                » actions 
                
                | Assign group hotkey | 202 |  | 
| Basic commands | 73 |  | 
| Build / train | 136 |  | 
| ESC pressed | 83 |  | 
| Enter build submenu | 31 |  | 
| Enter hero's abilities submenu | 21 |  | 
| Give item / drop item | 4 |  | 
| Remove unit from queue | 5 |  | 
| Right click | 2763 |  | 
| Select / deselect | 1366 |  | 
| Select group hotkey | 2525 |  | 
| Use ability | 248 |  | 
                7458 total
 » units 
                
                | Peasant | 28 |  | 
| Rifleman | 22 |  | 
| Mortar Team | 23 |  | 
| Siege Engine | 4 |  | 
| Footman | -1 |  | 
                76 total
 » upgrades
                
                | Gunpowder | 3 |  | 
| Lumber Harvesting | 1 |  | 
| Masonry | 1 |  | 
| Armor | 1 |  | 
| Barrage | 1 |  | 
                7 total
 » buildings
                
                | Altar of Kings | 1 |  | 
| Blacksmith | 1 |  | 
| Farm | 12 |  | 
| Barracks | 1 |  | 
| Scout Tower | 5 |  | 
| Lumber Mill | 1 |  | 
| Keep | 1 |  | 
| Workshop | 2 |  | 
| Town Hall | 3 |  | 
| Guard Tower | 1 |  | 
| Arcane Vault | 1 |  | 
| Cannon Tower | 4 |  | 
| Castle | 1 |  | 
                34 total
 » build order
                00:20 Altar of Kings
00:27 Blacksmith
00:35 Farm
01:02 Barracks
01:36 Farm
02:15 Farm
02:33 Scout Tower
03:35 Farm
03:44 Lumber Mill
05:15 Keep
07:43 Workshop
08:24 Farm
09:06 Workshop
09:18 Farm
09:59 Farm
10:54 Farm
11:13 Farm
13:18 Town Hall
15:21 Guard Tower
16:24 Arcane Vault
17:20 Scout Tower
18:07 Cannon Tower
18:42 Farm
18:46 Scout Tower
19:19 Cannon Tower
19:25 Farm
21:58 Scout Tower
22:02 Scout Tower
22:27 Cannon Tower
23:05 Cannon Tower
23:55 Farm
26:06 Town Hall
28:31 Castle
32:44 Town Hall
» items
                
                | Dust of Appearance | 7 |  | 
| Boots of Speed | 1 |  | 
| Potion of Healing | 6 |  | 
| Potion of Lesser Invulnerability | 4 |  | 
| Scroll of Regeneration | 1 |  | 
| Scroll of Town Portal | 2 |  | 
| Potion of Mana | 2 |  | 
| Orb of Fire | 2 |  | 
                25 total
  
                Chat log
          
(29:52 / All) GrimReaperDarro: fucking faggot pussy ass strat
(29:57 / All) GrimReaperDarro: goddamn noobs
(32:38 / All) yo_its_drew: too bad
(34:10 / All) yo_its_drew: oops
(34:14 / All) GOKUMaN69: hey sexy
(64:52 / All) Bletharmus: gyros can see bm
(64:57 / All) GOKUMaN69: yeah I know bro
(65:00 / All) GOKUMaN69: so what?
(65:06 / All) w00tah.com: what chu gonna do about it ?
(65:07 / All) yo_its_drew: he was talkin to me
(65:11 / All) GOKUMaN69: I can see ur lil dick
(65:16 / All) w00tah.com: OH SHIT
(74:43 / All) Bletharmus: YES
(77:50 / All) GOKUMaN69: hey guys what up?
(77:57 / All) Bletharmus: we r bored
(79:13 / All) Bletharmus: BAD G LAMERS
(82:16 / All) w00tah.com: you cant win
(82:18 / All) w00tah.com: just leave
(82:24 / All) Bletharmus: just fucking elave already
(82:27 / All) yo_its_drew: is it any diff that u can?
(82:36 / All) w00tah.com: We have 15k gold
(82:38 / All) w00tah.com: you have none
(82:41 / All) Bletharmus: no u dont
(82:43 / All) yo_its_drew: lol
(82:47 / All) w00tah.com: we weren't in upkeep
(82:52 / All) w00tah.com: little secret about this game
(82:59 / All) Bletharmus: right
(83:12 / All) GrimReaperDarro: little secret is that turtling is for noob fags
(89:14 / All) GOKUMaN69: well
(89:19 / All) GOKUMaN69: just leave
(89:20 / All) w00tah.com: like w esaid
(89:22 / All) w00tah.com: you cant win
(89:26 / All) Bletharmus: lamest game ever
(89:30 / Allies) GOKUMaN69: ok
(89:31 / All) GrimReaperDarro: u guys have no ballz, playin like that